 Dungeon Crawl Stone Soup version 0.31-a0-188-g5e087ee2ca (webtiles) character file.

Game seed: 13932850291432414196

56 qw the Shooter (level 3, 0/20 HPs)
             Began as a Deep Elf Hunter on June 23, 2023.
             Succumbed to a goblin's poison
             ... on level 2 of the Dungeon.
             The game lasted 00:00:28 (925 turns).

qw the Shooter (Deep Elf Hunter)                     Turns: 925, Time: 00:00:28

Health: 0/20       AC:  7    Str: 10    XL:     3   Next: 69%
Magic:  5/5        EV: 11    Int: 13    God:
Gold:   29         SH:  0    Dex: 18    Spells: 2/2 levels left

rFire   . . .        Y - +0 shortbow
rCold   . . .        (shield currently unavailable)
rNeg    . . .        e - +0 ring mail
rPois   .            (no helmet)
rElec   .            (no cloak)
rCorr   .            g - +0 pair of gloves
SInv    .            i - +0 pair of boots
Will    .....        (no amulet)
Stlth   +            (no ring)
HPRegen 0.23/turn    (no ring)
MPRegen 0.09/turn

%: no passive effects
@: lethally poisoned (0 -> -20)
A: no striking features
a: no special abilities


You were on level 2 of the Dungeon.
You visited 1 branch of the dungeon, and saw 2 of its levels.

You collected 29 gold pieces.


   Skills:
 - Level 1.5 Fighting
 + Level 7.2 Ranged Weapons
 - Level 2.4 Dodging
 - Level 1.2 Stealth


You had 2 spell levels left.
You didn't know any spells.
Your spell library was empty.

Inventory:

Hand Weapons
 Y - a +0 shortbow (weapon)
Armour
 e - a +0 ring mail (worn)
 g - a +0 pair of gloves (worn)
 i - a +0 pair of boots (worn)
Scrolls
 a - a scroll of noise {unknown}
Potions
 h - a potion of might {unknown}

Dungeon Overview and Level Annotations

Branches:
Dungeon (2/15)

Altars:

Shops:
D:1 [


Message History

You hear a shout!
The goblin closely misses you. The hobgoblin barely misses you.
You shoot an arrow.
The arrow hits the hobgoblin but does no damage.
The hobgoblin is severely wounded.
The goblin barely misses you. The hobgoblin completely misses you.
You shoot an arrow. The arrow hits the hobgoblin.
You kill the hobgoblin!
The goblin barely misses you.
The goblin hits you but does no damage. x2
You shoot an arrow. The arrow hits the goblin.
The goblin is severely wounded.
The goblin barely misses you. The goblin hits you with a +0 club.
The goblin hits you but does no damage. The goblin barely misses you.
The goblin hits you with a +0 club. The goblin barely misses you.
You shoot an arrow. The arrow hits the goblin!
You kill the goblin!
The goblin closely misses you.
A goblin comes into view. It is wielding a +0 dagger of venom.
The goblin hits you with a +0 dagger.
You shoot an arrow. The arrow hits the goblin.
The goblin is heavily wounded.
The goblin barely misses you. The goblin hits you but does no damage.
You shoot an arrow. The arrow closely misses the goblin.
The goblin misses you. The goblin completely misses you.
The goblin closely misses you.
You shoot an arrow. The arrow barely misses the goblin.
The goblin hits you but does no damage.
You are lethally poisoned!
The goblin hits you but does no damage. The goblin closely misses you.
The goblin barely misses you. The goblin hits you but does no damage.
You are more poisoned.
The goblin misses you.
You shoot an arrow. The arrow barely misses the goblin.
You feel very sick.
The goblin hits you but does no damage. x2
You are more poisoned.
The goblin misses you.
You shoot an arrow. The arrow hits the goblin.
The goblin is heavily wounded.
You die...

..........###
###.........
#........## ..
##.###...# ...<...#.#
gg #.# # #.#....#.##
gg ##.#
#......#..####g####..#
...##..##...#.g.#...##
....#..####.##)##.###
##....## #..#'#g.#
.#....# ##...g@##
.....#######...g)###
....................
...#########.....###
#.### ##.#.## ....#
#.### ###.# #.# #.#
#.# #.# .#


You could see 3 goblins.

Vanquished Creatures
  2 dart slugs (D:1)
  4 endoplasms
  A giant cockroach (D:1)
  11 goblins
  5 hobgoblins
  5 jackals (D:1)
  2 quokkas (D:1)
  3 ball pythons (D:1)
  A bat (D:1)
  A frilled lizard (D:1)
  4 kobolds
  5 rats (D:1)
44 creatures vanquished.

Notes
Turn   | Place    | Note
-------+----------+-------------------------------------------
     0 | D:1      | qw the Deep Elf Hunter began the quest for the Orb.
     0 | D:1      | Reached XP level 1. HP: 12/12 MP: 3/3
     0 | D:1      | 0 ||| qw: Version: 0.3-a-9-g12657ce
     0 | D:1      | 0 ||| qw: Game counter: 3295
     0 | D:1      | 0 ||| qw: Always use a shield: true
     0 | D:1      | 0 ||| qw: God list: Okawaru
     0 | D:1      | 0 ||| qw: Allow faded altars: false
     0 | D:1      | 0 ||| qw: Do Orc after D:15 true
     0 | D:1      | 0 ||| qw: Do second Lair branch before Depths: true
     0 | D:1      | 0 ||| qw: Lair rune preference: random
     0 | D:1      | 0 ||| qw: Plans: Normal
     0 | D:1      | 0 ||| PLANNING D:1-11
    43 | D:1      | Reached skill level 6 in Ranged Weapons
    43 | D:1      | Reached XP level 2. HP: 16/16 MP: 4/4
   312 | D:1      | Reached XP level 3. HP: 20/20 MP: 5/5
   461 | D:1      | Found Nuaxel's Armour Shoppe.
   472 | D:1      | 472 ||| SHOPLISTING +0 pair of boots of flying (149 gold,
                  | have 29).
   472 | D:1      | 472 ||| SHOPLISTING +2 hood of the Assassin {Detect Stab+
                  | Stlth++} (780 gold, have 29).
   610 | D:1      | 610 ||| UPGRADING to +0 ring mail.
   620 | D:1      | 620 ||| DROPPING +0 leather armour.
   621 | D:1      | 621 ||| UPGRADING to +0 pair of gloves.
   626 | D:1      | 626 ||| UPGRADING to +0 pair of boots.
   631 | D:1      | 631 ||| READING 2 scrolls labelled FAS JYFEIVVAPS.
   632 | D:1      | 632 ||| READING scroll labelled SUGGITR YXAUDU.
   633 | D:1      | 633 ||| DROPPING scroll of revelation.
   634 | D:1      | 634 ||| DROPPING scroll of butterflies.
   897 | D:2      | Reached skill level 7 in Ranged Weapons
   897 | D:2      | 897 ||| Stepping ~*~*~tactically~*~*~ (outnumbered).
   924 | D:2      | HP: 4/20 [poisoned by a goblin]
   925 | D:2      | Succumbed to a goblin's poison

Levels and vault maps discovered:
D:1:      beargit_arrival_greenhouse, layout_basic, serial_shops, shop,
          fountainhead
D:2:      cheibrodos_greedy_goblins, layout_loops_corners,
          hangedman_decor_points

Skill      XL: |  1  2  3 |
---------------+----------+-----
Ranged Weapons | 6 7 |  7.2
Fighting       | |  1.5
Dodging        | |  2.4
Stealth        | |  1.2

Action                     || total
---------------------------++-------
   Fire: Shortbow          ||   121
    Use: Scroll            ||     2
 Armour: Leather armour    ||    14
         Ring mail         ||    33
  Dodge: Dodged            ||    59

Table legend:
 A = Non-vault XP
 B = Vault XP
 C = Vault XP percentage of total XP
 D = Non-vault monster count
 E = Vault monster count
 F = Vault count percentage of total count
                 A         B        C        D         E       F
            +---------+---------+-------+---------+---------+-------
      Total |      58 |      22 |  27.5 |      33 |      11 |  25.0
            +---------+---------+-------+---------+---------+-------
        D:1 |      53 |       0 |   0.0 |      30 |       0 |   0.0
        D:2 |       5 |      22 |  81.5 |       3 |      11 |  78.6
            +---------+---------+-------+---------+---------+-------
